Kulu, lawful male human Monk - |.^ |.< - Kulu the Novice Experience level: 3 Strength: 18/01 Dexterity: 15 Constitution: 15 Intelligence: 9 Wisdom: 11 Charisma: 10 Health: 0(26) Energy: 15(15) Def: 6 Gold: 342 Moves: 1141 Dungeon seed: acqF6KAFHtODokFk Game ID: Kulu_1562066871 Your Inventory: Coins $ - 342 gold pieces Weapons C - 6 +0 crossbow bolts Armor e - a cursed +2 pair of leather gloves (being worn) n - an uncursed +1 robe (being worn) q - an uncursed +0 orcish helm Comestibles d - 3 uncursed food rations g - 6 uncursed oranges h - 3 uncursed fortune cookies l - 2 uncursed tripe rations Scrolls b - a cursed scroll of stinking cloud p - an uncursed scroll of confuse monster Spellbooks a - a blessed spellbook of sleep Potions c - 3 uncursed potions of healing k - an uncursed potion of confusion Rings m - a cursed -2 ring of protection w - an uncursed ring of fire resistance Wands i - a cursed wand of speed monster (0:8) Tools j - an uncursed large box Spells and supernatural/magical abilities: Name Level Category Fail Memory z - sleep 1 enchantment 0% 95% W - pray for help -- divine ? -- Your skills at the end: Fighting Skills martial arts [Basic] Weapon Skills Spellcasting Skills healing spells [Basic] Final Attributes: You were piously aligned. You were sleep resistant. You were poison resistant. You were blinded. You saw invisible. You were fast. You were unlucky. Shan Lai Ching was angry with you. You are dead. Vanquished creatures: a yellow mold 2 jackals a fox 3 goblins 4 sewer rats 3 grid bugs 5 lichens 2 kobold zombies 3 newts 24 creatures vanquished. Voluntary challenges: You followed a strict vegan diet. You never hit with a wielded weapon. You read items or engraved 1 time, starting on turn 850. You never genocided any monsters. You never polymorphed an object. You never changed form. You used no wishes. You never split a pudding. You never wrote Elbereth's name. You never violated your personal moral code. Dungeon overview: The Dungeons of Doom: levels 1 to 4 Level 1 an altar to Shan Lai Ching a long staircase Level 2 Level 3 Level 4 stairs to The Gnomish Mines The Gnomish Mines: Level 5 <- You were here stairs to The Dungeons of Doom History has recorded: On T:1 you entered the Dungeons of Doom to retrieve the Amulet of Yendor! On T:503 you reached level 2 of The Dungeons of Doom. On T:727 you advanced to experience level 2. On T:790 you advanced to experience level 3. On T:885 you reached level 3 of The Dungeons of Doom. On T:947 you reached level 4 of The Dungeons of Doom. On T:1137 you reached level 1 of The Gnomish Mines. Score breakdown: Gold: 342 ( 8624 points) Experience: 3 levels ( 7878 points) Exploration: 5 levels ( 9.43%) ( 8320 points) Discoveries: 0 items ( 0.00%) ( 0 points) Valuables value: (no points given unless you survive) Artifact value: 0 ( 0 points) Variety of kills: 9 monsters ( 2.36%) ( 4610 points) Turncount: 1141 turns ( 0 points) Survival: died (score multiplied by 80%) Total score: 23545 Latest messages: You attack thin air. Use the 'moveonly' command to move into a remembered wall. Wait! There's something there you can't see! It yowls! You hit it. You attack thin air. You try to feel what is lying here on the floor. You feel here a heavy iron ball (chained to you). Use the 'moveonly' command to move into a remembered wall. You try to feel what is lying here on the floor. You feel here a heavy iron ball (chained to you). You fall down the stairs. You try to feel what is lying here on the floor. There is a long staircase up here. There are a few objects here. Use the 'moveonly' command to move into a remembered wall. (3x) You fall into a pit! You land on a set of sharp iron spikes! The iron ball falls on your head. You die... The large box is empty. The large box is empty. Final status: Goodbye Kulu the Monk, crunched in the head by an iron ball... You died in The Gnomish Mines on dungeon level 5 with 23545 points, and 342 pieces of gold, after 1141 moves. You were level 3 with a maximum of 26 hit points when you died.